 Dungeon Crawl Stone Soup version 0.30-a0-711-gf4ac18a38d (webtiles) character file.

Game seed: 11201973753053673987

626 tkbsonic5 the Trooper (level 7, -18/56 HPs)
             Began as a Merfolk Fighter on Jan 22, 2023.
             Demolished by a komodo dragon (25 damage)
             ... on level 5 of the Dungeon.
             The game lasted 00:16:04 (3700 turns).

tkbsonic5 the Trooper (Merfolk Fighter)             Turns: 3700, Time: 00:16:04

Health: -18/56     AC: 10    Str: 22    XL:     7   Next: 47%
Magic:  7/7        EV: 11    Int:  6    God:
Gold:   314        SH:  6    Dex: 13    Spells: 6/6 levels left

rFire   + . .      SeeInvis .    t - +2 flail (drain)
rCold   . . .      Faith    .    c - +1 buckler
rNeg    . . .      Spirit   .    b - +0 scale mail
rPois   .          Reflect  .    (no helmet)
rElec   .          Harm     .    h - scarf {shadows}
rCorr   .          Rampage  .    (no gloves)
Will    .....                    (no boots) Stlth
                                 e - amulet of magic regeneration
HPRegen 0.29/turn                m - +4 ring of protection
MPRegen 0.50/turn                (no ring)

@: no status effects
A: (nimble swimmer 2), mertail, fire resistance 1, strong 1
a: no special abilities


You were on level 5 of the Dungeon.
You visited 1 branch of the dungeon, and saw 5 of its levels.

You collected 314 gold pieces.

Inventory:

Hand Weapons
 a - a +0 trident
 d - a +0 scythe
 o - a +4 short sword of venom
 p - a +0 sling
 t - a +2 flail of draining (weapon)
Missiles
 k - 8 poisoned darts (quivered)
Armour
 b - a +0 scale mail (worn)
 c - a +1 buckler (worn)
 g - a +2 robe of the Archmagi
 h - a scarf of shadows (worn)
Jewellery
 e - an amulet of magic regeneration (around neck)
 l - a ring of willpower
 m - a +4 ring of protection (left hand)
 n - an amulet of regeneration
Wands
 i - a wand of mindburst (7)
 j - a wand of roots (10)
Potions
 f - a potion of heal wounds
 s - a potion of mutation


   Skills:
 * Level 5.2 Fighting
 * Level 3.1 Short Blades
 + Level 4.5 Polearms
 * Level 1.6 Throwing
 - Level 2.1 Armour
 * Level 4.6 Dodging
 - Level 1.4 Stealth
 + Level 4.0 Shields
 * Level 1.1 Evocations


You had 6 spell levels left.
You didn't know any spells.
Your spell library was empty.

Dungeon Overview and Level Annotations

Branches:
Dungeon (5/15)
 Temple: D:4-7

Altars:
Gozag
Hepliaklqana
Trog


Innate Abilities, Weirdness & Mutations

((You are very nimble when in or above water. (Stealth+, EV+, Speed+++)))
Your lower body shifts to a powerful aquatic tail in water.
Your flesh is heat resistant. (rF+)
Your muscles are strong. (Str +4, Int/Dex -1)


Message History

The orc priest hits you but does no damage.
The komodo dragon closely misses you. The gnoll attacks as you move away!
The gnoll barely misses you.
The orc priest attacks as you move away!
The orc priest hits you with a +0 short sword.
The phantom hits you.
A two-headed ogre comes into view. It is wielding two +0 giant clubs.
You barely miss the phantom.
The phantom is almost destroyed.
The two-headed ogre shouts in stereo!
The phantom completely misses you. The orc priest closely misses you.
The gnoll hits you but does no damage.
The komodo dragon bites you but does no damage.
The orc priest barely misses you. The phantom barely misses you.
The gnoll hits you with a +0 club.
Okay, then.
The orc priest attacks as you move away!
You block the orc priest's attack. The komodo dragon bites you!
The gnoll attacks as you move away! The gnoll closely misses you.
The gnoll attacks as you move away! The gnoll hits you but does no damage.
The orc priest attacks as you move away!
You block the orc priest's attack.
A jackal and an adder come into view.
Found 4 stones.
The jackal barks!
You hear a bark!
A hound comes into view.
The gnoll attacks as you move away! You block the gnoll's attack.
The orc priest attacks as you move away!
The orc priest completely misses you.
The komodo dragon attacks as you move away!
The komodo dragon bites you! The jackal closely misses you.
You block the jackal's attack.
Found 6 gold pieces.
The komodo dragon closely misses you. The adder barely misses you.
The orc priest mumbles some strange prayers to Beogh against you.
Pain shoots through your body!
* * * LOW HITPOINT WARNING * * *
The komodo dragon attacks as you move away!
The komodo dragon bites you!!
You die...

.#...#...#...#.....#
#
#...#!..#...#(.....
#
.#...#...#...#..)..#
# .#. .#...#...#.#
.# # .
............##.#
.#...#...#......#
#...#...#..W..#
#..O#..O#lo..#
#...#...#gh@..#
...#...#.hS...#
..........####
...#...#.# .#...#...
(..#$... #.. #...


You could see a two-headed ogre, a komodo dragon, a phantom, a hound, an orc
priest, a gnoll, an adder and a jackal.

Vanquished Creatures
  Sigmund (D:4)
  A scorpion (D:5)
  A wight (D:5)
  A vampire bat (D:3)
  A hound (D:5)
  Jessica (D:2)
  An orc wizard (D:5)
  Robin (D:2)
  A gnoll (D:5)
  5 adders
  2 ufetubi
  2 dart slugs
  3 fire bats (D:3)
  2 orcs (D:4)
  2 spectral bats (D:3)
  3 bat skeletons (D:3)
  A bat zombie (D:3)
  8 endoplasms
  A giant cockroach (D:1)
  9 goblins
  13 hobgoblins
  5 jackals
  4 kobolds
  4 quokkas
  4 ball pythons
  12 bats
  A bat simulacrum (D:3)
  3 frilled lizards
  A rat (D:2)
94 creatures vanquished.

Notes
Turn   | Place    | Note
-------+----------+-------------------------------------------
     0 | D:1      | tkbsonic5 the Merfolk Fighter began the quest for the Orb.
     0 | D:1      | Reached XP level 1. HP: 18/18 MP: 1/1
   155 | D:1      | Reached XP level 2. HP: 24/24 MP: 2/2
   160 | D:1      | Reached skill level 1 in Dodging
   207 | D:1      | Found a faded altar of an unknown god.
   495 | D:2      | Reached XP level 3. HP: 30/30 MP: 3/3
   771 | D:2      | Noticed Robin
   776 | D:2      | Reached skill level 1 in Stealth
   803 | D:2      | Killed Robin
  1222 | D:2      | Noticed Jessica
  1232 | D:2      | Killed Jessica
  1233 | D:2      | Reached skill level 4 in Fighting
  1233 | D:2      | Reached XP level 4. HP: 31/37 MP: 4/4
  1809 | D:3      | Reached XP level 5. HP: 42/42 MP: 5/5
  2352 | D:3      | Reached skill level 1 in Short Blades
  2451 | D:3      | Reached XP level 6. HP: 49/49 MP: 6/6
  2812 | D:4      | Found a bloodstained altar of Trog.
  2819 | D:4      | Found a hazy altar of Hepliaklqana.
  2904 | D:4      | Found an opulent altar of Gozag.
  3102 | D:4      | Noticed Sigmund
  3107 | D:4      | Gained mutation: Your flesh is heat resistant. (rF+)
                  | [potion of mutation]
  3107 | D:4      | Gained mutation: Your movements are slightly less
                  | encumbered by armour. (ER -2) [potion of mutation]
  3107 | D:4      | Gained mutation: You are frail. (-10% HP) [potion of
                  | mutation]
  3131 | D:4      | Killed Sigmund
  3132 | D:4      | Reached skill level 5 in Fighting
  3562 | D:5      | Entered Level 5 of the Dungeon
  3567 | D:5      | Reached skill level 1 in Throwing
  3567 | D:5      | Reached XP level 7. HP: 50/50 MP: 7/7
  3641 | D:5      | Lost mutation: You are frail. (-10% HP) [potion of
                  | mutation]
  3641 | D:5      | Lost mutation: Your movements are slightly less encumbered
                  | by armour. (ER -2) [potion of mutation]
  3641 | D:5      | Gained mutation: Your muscles are strong. (Str +4, Int/Dex
                  | -1) [potion of mutation]
  3672 | D:5      | Reached skill level 1 in Evocations
  3686 | D:5      | Noticed a komodo dragon
  3692 | D:5      | Noticed a two-headed ogre
  3700 | D:5      | Demolished by a komodo dragon

Illustrated notes

Levels and vault maps discovered:
D:1:      lemuel_arrival_cross, layout_rooms,
          hellmonk_ecumenical_altar_inner_sanctum
D:2:      minmay_chambers_of_twos, layout_basic, kennysheep_jessica_study,
          uniq_robin
D:3:      layout_basic, goddamned_bats
D:4:      layout_loops_ring, grunt_gozag_breadcrumbs,
          mainiacjoe_overflow_catwalk_spiral, sigmund_army
D:5:      cheibrodos_fzero, layout_basic, temple_fountains, serial_curves,
          eino_curves_04, eino_curves_04, eino_curves_04, eino_curves_02,
          serial_shops, nicolae_shop_bloodbath_and_beyond, minmay_misc_feat_x

Skill      XL: |  1  2  3  4  5  6  7 |
---------------+----------------------+-----
Polearms       | 3 4 |  4.5
Dodging        | 1 2 3 4 |  4.6
Stealth        | 1 |  1.4
Fighting       | 4 5 |  5.2
Short Blades   | 1 2 3 |  3.1
Throwing       | 1 |  1.6
Shields        | 4 |  4.0
Evocations     | 1 |  1.1
Armour         | |  2.1

Action                     |  1- 3 |  4- 6 |  7- 9 || total
---------------------------+-------+-------+-------++-------
  Melee: Trident           |    94 |    43 |       ||   137
         Short sword       |       |   143 |    33 ||   176
         Flail             |       |       |    15 ||    15
  Throw: Dart              |     6 |    34 |     4 ||    44
    Use: Scroll            |     4 |     4 |     1 ||     9
         Potion            |     2 |     8 |     2 ||    12
 Armour: Scale mail        |    38 |   128 |    25 ||   191
  Dodge: Dodged            |    49 |   136 |    34 ||   219
  Block: Buckler           |    31 |    60 |    24 ||   115

Table legend: (Time is in decaauts)
 A = Elapsed time spent in this place.
 B = Non-inter-level travel time spent in this place.
 C = Inter-level travel time spent in this place.
 D = Time resting spent in this place.
 E = Time spent auto-exploring this place.
 F = Levels seen in this place.
 G = Mean time per level.
                   A        B        C        D        E       F      G
               +--------+--------+--------+--------+--------+-----+--------+
         Total |   3701 |   3512 |    189 |      0 |   2814 |   5 |  740.2 |
       Dungeon |   3701 |   3512 |    189 |      0 |   2814 |   5 |  740.2 |
               +--------+--------+--------+--------+--------+-----+--------+

Top non-repeatable levels by time:
     D:2: 1272 daAuts
     D:3: 936 daAuts
     D:4: 881 daAuts
     D:1: 470 daAuts
     D:5: 141 daAuts
